 Dungeon Crawl Stone Soup version 0.28.0-1-gb440e238dd (webtiles) character file.

Game seed: 10237372371086536148

30 Woods the Chopper (level 3, 0/31 HPs)
             Began as a Minotaur Fighter on Feb 23, 2022.
             Slain by a kobold (12 damage)
             ... on level 2 of the Dungeon.
             The game lasted 00:01:09 (770 turns).

Woods the Chopper (Minotaur Fighter)                 Turns: 770, Time: 00:01:10

Health: 0/31       AC: 10    Str: 20    XL:     3   Next: 5%
Magic:  2/2        EV:  7    Int:  5    God:
Gold:   142        SH:  4    Dex: 11    Spells: 2/2 levels left

rFire   . . .      SeeInvis .   a - +0 war axe
rCold   . . .      Faith    .   c - +0 buckler
rNeg    . . .      Spirit   .   h - +0 chain mail
rPois   .          Reflect  .   (helmet restricted)
rElec   .          Harm     .   (no cloak)
rCorr   .          Rampage  .   l - +0 pair of gloves
Will    .....                   (no boots)
Stlth   ..........              (no amulet)
HPRegen 0.10/turn               (no ring)
MPRegen 0.08/turn               (no ring)

@: no status effects
A: horns 2, retaliatory headbutt
a: no special abilities


You were on level 2 of the Dungeon.
You visited 1 branch of the dungeon, and saw 2 of its levels.

You collected 142 gold pieces.

Inventory:

Hand Weapons
 a - a +0 war axe (weapon)
Armour
 c - a +0 buckler (worn)
 h - a +0 chain mail (worn)
 l - a +0 pair of gloves (worn)
Scrolls
 e - 2 scrolls of identify {unknown}
 f - a scroll of brand weapon {unknown}
 j - a scroll of fear {unknown}
Potions
 d - a potion of might
 g - a potion of flight {unknown}
 i - a potion of invisibility {unknown}
 k - a potion of berserk rage {unknown}


   Skills:
 - Level 3.6 Fighting
 + Level 4.3 Axes
 - Level 3.6 Armour
 + Level 0.1 Dodging
 - Level 3.6 Shields


You had 2 spell levels left.
You didn't know any spells.
Your spell library contained the following spells:

 Spells                   Type           Power      Damage    Failure   Level
 Inner Flame              Hex/Fire       0%         N/A       100%        3
 Cause Fear               Hex            0%         N/A       100%        4
 Discord                  Hex            0%         N/A       100%        8


Dungeon Overview and Level Annotations

Branches:
Dungeon (2/15)

Altars:

Shops:
D:1 (


Innate Abilities, Weirdness & Mutations

You have a pair of horns on your head.
You reflexively headbutt those who attack you in melee.


Message History

You have reached level 3!
Your experience leads to an increase in your attributes!
Increase (S)trength, (I)ntelligence, or (D)exterity?
You feel agile. x2
Search for what [? for help]? gloves You see here a +0 pair of gloves.
l - a +0 pair of gloves HP restored.
You start putting on your armour.
You continue putting on your +0 pair of gloves. x4
You finish putting on your +0 pair of gloves.
You drop a +0 scale mail.
A kobold comes into view.
It is wielding a +1 short sword of distortion.
The kobold shouts!
The kobold hits you with a +1 short sword of distortion.
You blink.
Found a scroll labelled PEYKIM GIBUULO.
Found an escape hatch in the floor.
You see here a scroll labelled PEYKIM GIBUULO.
e - 2 scrolls labelled PEYKIM GIBUULO (gained 1)
You barely miss the kobold.
You headbutt the kobold, but do no damage.
The kobold hits you with a +1 short sword of distortion.
You blink.
Found a stone staircase leading up.
There is a stone staircase leading up here.
You climb upwards.
There is a stone staircase leading down here.
There is an open door here.
HP restored.
There is a stone staircase leading down here.
Done exploring.
Done exploring.
There is an open door here.
There is a stone staircase leading down here.
You climb downwards.
The kobold hits you with a +1 short sword of distortion.
Space warps horribly around you!
The kobold hits you with a +1 short sword of distortion.
Space warps horribly around you!
You die...

#.# #.# #.# #.#
#.# #.# #K# #@#
#.# #.#
#############.#
..##....K§..>.#
#.##.##########
#K##.#
#§##K######.#
#...........#


You could see a kobold.

Vanquished Creatures
  A gnoll (D:1)
  A worm (D:2)
  3 endoplasms (D:1)
  A hobgoblin (D:2)
  2 kobolds
  A quokka (D:1)
  A ball python (D:1)
  4 bats
  2 frilled lizards (D:1)
  2 rats
18 creatures vanquished.

Notes
Turn   | Place    | Note
-------+----------+-------------------------------------------
     0 | D:1      | Woods the Minotaur Fighter began the quest for the Orb.
     0 | D:1      | Reached XP level 1. HP: 19/19 MP: 0/0
    26 | D:1      | Reached skill level 3 in Axes
    26 | D:1      | Reached XP level 2. HP: 26/26 MP: 1/1
   353 | D:1      | Found Imithr Cipnia's Weapon Emporium.
   406 | D:1      | Reached skill level 4 in Axes
   648 | D:2      | Reached XP level 3. HP: 29/31 MP: 2/2
   770 | D:2      | Slain by a kobold

Illustrated notes

Levels and vault maps discovered:
D:1:      scummos_arrival_simple_fountains, layout_basic, serial_shops,
          shop_coins, wander_ebering_terrifying_dragon_lair
D:2:      layout_loops_ring

Skill      XL: |  1  2 |
---------------+-------+-----
Axes           | 3 4 |  4.3
Fighting       | |  3.6
Armour         | |  3.6
Dodging        | |  0.1
Shields        | |  3.6

Action                   || total
-------------------------++-------
Melee: War axe           ||    33
       Headbutt          ||     6
Armor: Scale mail        ||     7
       Chain mail        ||     6
Dodge: Dodged            ||    10
Block: Buckler           ||     6
